 Dungeon Crawl Stone Soup version 0.30.1-11-g7821555f0a (webtiles) character file.

Game seed: 6121773352211176833

82 monsoonserge the Magician (level 4, -4/31 HPs)
             Began as a Djinni Venom Mage on Dec 18, 2023.
             Killed by nerve-wracking pain
             ... invoked by an orc priest
              (14 damage)
             ... on level 2 of the Dungeon.
             The game lasted 00:04:06 (1042 turns).

monsoonserge the Magician (Djinni Venom Mage)       Turns: 1042, Time: 00:04:07

Health: -4/31      AC:  3    Str:  7    XL:     4   Next: 70%
Gold:   83         EV: 11    Int: 19    God:
                   SH:  0    Dex: 13

rFire   + + .        h - +0 short sword
rCold   x . .        (no shield)
rNeg    . . .        d - +0 leather armour
rPois   ∞            (no helmet)
rElec   .            (no cloak)
rCorr   .            (no gloves)
SInv    .            (boots unavailable)
Will    .....        (no amulet)
Stlth   ++           k - +4 ring of slaying
HPRegen 0.25/turn    (no ring)
MPRegen 0.00/turn

%: infuse magic (-5 HP)
@: flying
A: sickness immunity, fire resistance 2, cold vulnerability 1, float, innate
caster, HP casting, extra vitality 1
a: no special abilities


You were on level 2 of the Dungeon.
You visited 1 branch of the dungeon, and saw 2 of its levels.

You collected 83 gold pieces.

Inventory:

Hand Weapons
 h - a +0 short sword (weapon)
Missiles
 e - 5 poisoned darts (quivered)
Armour
 a - a +0 robe
 d - a +0 leather armour (worn)
 j - a +0 ring mail
Jewellery
 k - a +4 ring of slaying (left hand)
Scrolls
 b - 2 scrolls of blinking {unknown}
 c - 2 scrolls of enchant armour {unknown}
 g - a scroll of enchant weapon {unknown}
 i - a scroll of fog {unknown}
 l - a scroll of teleportation {unknown}
Potions
 f - a potion of brilliance {unknown}
 m - a potion of heal wounds {unknown}
 n - a potion of cancellation {unknown}


   Skills:
 * Level 0.8 Armour
 + Level 2.2 Dodging
 + Level 1.6 Stealth
 * Level 3.8 Spellcasting


You knew the following spells:

 Your Spells              Type           Power      Damage    Failure   Level
a - Sting                 Tmut/Pois      72%        1d6       4%          1
b - Poisonous Vapours     Pois/Air       36%        N/A       6%          2
c - Mephitic Cloud        Conj/Pois/Air  18%        N/A       12%         3
d - Olgreb's Toxic Radia  Pois           18%        N/A       38%         4
e - Foxfire               Conj/Fire      72%        2x1d7     4%          1
Your spell library was empty.

Dungeon Overview and Level Annotations

Branches:
Dungeon (2/15)

Altars:


Innate Abilities, Weirdness & Mutations

You are immune to sickness and miasma.
You are immune to poison.
Your flesh is very heat resistant. (rF++)
You are vulnerable to cold. (rC-)
You float through the air rather than walking.
You learn spells naturally, not from books.
Your magical power is your life essence.
You have superior vitality. (+4 MHP)


Message History

Confirm with . or Enter, or press ? or * to list all spells.
Aiming: Sting (safe; 4% risk of failure)
Press: ? - help, Shift-Dir - straight line, f - orc wizard, p - orc priest
Aim: an orc wizard, wielding a +0 dagger and wearing a +0 robe (heavily wounded, very poisoned, 67% to hit)
The sting misses the orc wizard.
The orc wizard casts a spell at you. The magic dart hits you!
Casting: Sting (safe; 4% risk of failure)
Confirm with . or Enter, or press ? or * to list all spells.
Okay, then.
The orc wizard attacks as you move away!
The orc wizard misses you.
You kill the orc wizard!
The orc throws a boomerang.
The boomerang hits you.
* * * LOW HITPOINT WARNING * * *
Casting: Sting (safe; 4% risk of failure)
Confirm with . or Enter, or press ? or * to list all spells.
Aiming: Poisonous Vapours (safe; 6% risk of failure)
Press: ? - help, Dir - move target, f - orc
Aim: an orc, wielding a +0 flail, wearing a +0 chain mail and quivering boomerangs Poisonous vapours surround the orc!
The orc is poisoned.
* * * LOW HITPOINT WARNING * * *
The orc throws a boomerang.
The boomerang hits you but does no damage.
You see here a ball python corpse.
You start resting.
You feel a bit more experienced.
You start resting.
An orc priest is nearby!
Casting: Poisonous Vapours (safe; 6% risk of failure)
Confirm with . or Enter, or press ? or * to list all spells.
Aiming: Sting (safe; 4% risk of failure)
Press: ? - help, Shift-Dir - straight line, f - orc priest
Aim: an orc priest, wielding a +0 hand axe and wearing a +0 leather armour (heavily wounded, 74% to hit)
The sting hits the orc priest but does no damage.
The orc priest is poisoned.
The orc priest is heavily wounded.
The orc priest invokes the aid of Beogh against you.
Pain shoots through your body!
You die...

#...# #.#.#.#....#
#...# #.#.(......#
#...#
######.#.#.######
#######....#.#.....#
#P...#†#†#.....#
#P...o†..#.....#
##.#.#...#.#.###
##.#P##.#.#.#
#@#P##.#.#.######
######.#........#
#.#.....>..#
#.#........#
#o##########
#..)....o.o.
############


You could see an orc priest (poisoned).

Vanquished Creatures
  An orc wizard (D:2)
  A gnoll (D:1)
  An adder (D:2)
  A dart slug (D:2)
  An orc (D:2)
  2 endoplasms (D:1)
  2 giant cockroaches (D:1)
  A goblin (D:1)
  2 hobgoblins
  2 quokkas (D:1)
  9 ball pythons
  2 bats (D:1)
  2 frilled lizards (D:1)
  5 kobolds (D:1)
  4 rats (D:1)
36 creatures vanquished.

Vanquished Creatures (others)
  13 foxfires
13 creatures vanquished.

Grand Total: 49 creatures vanquished

Notes
Turn   | Place    | Note
-------+----------+-------------------------------------------
     0 | D:1      | monsoonserge the Djinni Venom Mage began the quest for the
                  | Orb.
     0 | D:1      | monsoonserge set off with the following spells memorised:
                  | Sting, Poisonous Vapours, Mephitic Cloud, Olgreb's Toxic
                  | Radiance.
     0 | D:1      | Reached XP level 1. HP: 15/15 MP: 0/0
    85 | D:1      | Found a faded altar of an unknown god.
    98 | D:1      | Reached XP level 2. HP: 11/21 MP: 0/0
   302 | D:1      | Reached skill level 3 in Spellcasting
   365 | D:1      | Reached XP level 3. HP: 7/25 MP: 0/0
   365 | D:1      | Learned a level 1 spell: Foxfire
   941 | D:2      | Reached XP level 4. HP: 22/31 MP: 0/0
  1042 | D:2      | Killed from afar by an orc priest

Illustrated notes

Levels and vault maps discovered:
D:1:      psy_arrival_statuary, layout_rooms,
          shapermc_ecumenical_altar_mp_highgroup
D:2:      minmay_diamond_boxcup, layout_basic, minmay_shallow_snake_nest

Skill      XL: |  1  2 |
---------------+-------+-----
Spellcasting   | 3 |  3.8
Armour         | |  0.8
Dodging        | |  2.2
Stealth        | |  1.6

Action                     |  1- 3 |  4- 6 || total
---------------------------+-------+-------++-------
  Melee: Dagger            |     2 |       ||     2
         Short sword       |     3 |     2 ||     5
   Cast: Sting             |    43 |     6 ||    49
         Poisonous Vapours |    13 |     5 ||    18
         Foxfire           |     7 |       ||     7
 Armour: Leather armour    |     6 |     2 ||     8
  Dodge: Dodged            |    20 |     3 ||    23
